Luftwaffe powerhouse

Match 20819121
End
Construct Section Command Post
Infantry Section
Selects Indian Artillery Battlegroup
Infantry Section
Royal Engineer Section
Selects Towed ML 4.2-inch Heavy Mortar
Towed ML 4.2-inch Heavy Mortar
Construct Field Infirmary
Infantry Section
Selects Valour
Construct Platoon Command Post
6-pounder Anti-tank Gun Team
Selects Gurkha Rifles Section
Grenade Package
Construct Company Command Post
Foot Guards Section
Selects Pillage
Matilda II Heavy Tank
Royal Engineer Section
Infantry Training
Selects Off-map Airburst Barrage
Off-map Airburst Barrage
6-pounder Anti-tank Gun Team
Off-map Airburst Barrage
AI Takeover
walnuts aren't treenuts
lattouf
Sindbad
Hell's Greatest Dad
0
0

Comments sign in to comment!

No comments posted yet!